 Dungeon Crawl Stone Soup version 0.29.0-11-gd7f09526c8 (webtiles) character file.

Game seed: 1610723742864523452

540 Bartlander the Cleaver (level 7, 0/57 HPs)
             Began as a Hill Orc Fighter on Sept 1, 2022.
             Slain by a killer bee (4 damage)
             ... on level 5 of the Dungeon.
             The game lasted 00:13:30 (4858 turns).

Bartlander the Cleaver (Hill Orc Fighter)           Turns: 4858, Time: 00:13:31

Health: 0/57       AC:  6    Str: 21    XL:     7   Next: 26%
Magic:  7/7        EV:  9    Int:  8    God:
Gold:   224        SH:  4    Dex: 10    Spells: 6/6 levels left

rFire   . . .      SeeInvis .   a - +0 war axe
rCold   . . .      Faith    .   c - +0 buckler
rNeg    . . .      Spirit   .   b - +0 scale mail
rPois   .          Reflect  .   (no helmet)
rElec   .          Harm     .   (no cloak)
rCorr   .          Rampage  .   (no gloves)
Will    .....                   (no boots)
Stlth   ..........              (no amulet)
HPRegen 0.19/turn               (no ring)
MPRegen 0.10/turn               (no ring)

@: lethally poisoned (0 -> -4), about to teleport
A: no striking features
a: no special abilities


You were on level 5 of the Dungeon.
You visited 1 branch of the dungeon, and saw 5 of its levels.

You collected 224 gold pieces.

Inventory:

Hand Weapons
 a - a +0 war axe (weapon)
Missiles
 e - 71 stones (quivered)
 p - 5 poisoned darts
Armour
 b - a +0 scale mail (worn)
 c - a +0 buckler (worn)
Jewellery
 i - a +6 ring of strength
Wands
 s - a wand of roots (6)
Scrolls
 j - 3 scrolls of amnesia
 m - a scroll of teleportation
 r - a scroll of identify
Potions
 d - a potion of might
 f - a potion of brilliance {unknown}
 g - 3 potions of lignification {unknown}
 h - a potion of magic {unknown}
 k - 4 potions of curing {unknown}
 l - a potion of berserk rage {unknown}
 n - a potion of heal wounds {unknown}
 o - 2 potions of flight
 q - a potion of degeneration {unknown}


   Skills:
 - Level 3.6 Fighting
 + Level 10.2 Axes
 - Level 3.2 Armour
 - Level 3.2 Shields


You had 6 spell levels left.
You didn't know any spells.
Your spell library contained the following spells:

 Spells                   Type           Power      Damage    Failure   Level
 Sandblast                Erth           0%         2d4       83%         1
 Summon Small Mammal      Summ           0%         N/A       83%         1
 Passwall                 Tmut/Erth      0%         N/A       93%         2
 Call Canine Familiar     Summ           0%         N/A       99%         3
 Stone Arrow              Conj/Erth      0%         3d7       99%         3
 Summon Guardian Golem    Hex/Summ       0%         N/A       99%         3


Dungeon Overview and Level Annotations

Branches:
Dungeon (5/15)             Temple (0/1) D:4

Altars:
Sif Muna


Message History

You feel your attacks grow feeble.
You feel sick. You block the killer bee's attack.
The killer bee attacks as you move away!
The killer bee closely misses you.
You feel sick. The killer bee barely misses you.
The killer bee attacks as you move away!
The killer bee stings you.
You feel sick. The killer bee closely misses you.
You feel sick.
You are no longer poisoned.
The killer bee stings you.
* * * LOW HITPOINT WARNING * * *
Okay, then.
The killer bee attacks as you move away!
The killer bee closely misses you.
The killer bee stings you but does no damage.
The killer bee stings you but does no damage.
The killer bee attacks as you move away!
The killer bee stings you but does no damage.
Your attacks no longer feel as feeble.
The killer bee stings you.
* * * LOW HITPOINT WARNING * * *
You are poisoned.
The killer bee poisons you!
You see here an iguana corpse.
You feel sick.
You remove your +6 ring of strength.
You feel weaker. The killer bee stings you.
* * * LOW HITPOINT WARNING * * *
The gnoll bouda barks out a call to the hunt!
The gnoll picks up the pace!
You aren't wearing any rings or amulets.
Unknown command.
Unknown command.
You aren't wearing any rings or amulets.
As you read the scroll of teleportation, it crumbles to dust.
You feel strangely unstable.
* * * LOW HITPOINT WARNING * * *
You feel sick. The killer bee stings you.
You die...

#.#######g.....
#####....g.yyg.....
#........####......
###.#.#.##S# .#...
#.......##y# # .
#.#.#.#.##y#
#.#.....##.#
#.###.####y# #. ...
#.# #....@y# #.
.#.### #<##########
.. .?... #......#..
#.#.#.# ######.#.#
#..... #.#.# ...##
#.#.# ######...##.#
###.#.#
#...........#
#.....#
#.####...#..#
#####.#.### #.#
##.##


You could see a gnoll bouda, 4 killer bees and an adder.

Vanquished Creatures
  A bullfrog (D:4)
  2 scorpions
  3 iguanas
  2 orc wizards (D:3)
  Robin (D:2)
  7 gnolls
  3 adders
  A worm (D:2)
  4 dart slugs
  9 orcs
  5 endoplasms
  4 giant cockroaches
  16 goblins
  10 hobgoblins
  2 jackals (D:1)
  10 kobolds
  5 quokkas
  4 ball pythons
  5 bats
  4 frilled lizards
  2 rats
100 creatures vanquished.

Vanquished Creatures (others)
  4 toadstools (D:1)
4 creatures vanquished.

Grand Total: 104 creatures vanquished

Notes
Turn   | Place    | Note
-------+----------+-------------------------------------------
     0 | D:1      | Bartlander the Hill Orc Fighter began the quest for the
                  | Orb.
     0 | D:1      | Reached XP level 1. HP: 19/19 MP: 1/1
    35 | D:1      | Reached skill level 3 in Axes
    85 | D:1      | Reached XP level 2. HP: 26/26 MP: 2/2
    87 | D:1      | Found a faded altar of an unknown god.
   105 | D:1      | Reached skill level 4 in Axes
   433 | D:1      | Reached XP level 3. HP: 31/31 MP: 3/3
   909 | D:2      | Reached skill level 5 in Axes
  1181 | D:2      | Reached XP level 4. HP: 16/39 MP: 4/4
  1557 | D:2      | Reached skill level 6 in Axes
  1784 | D:2      | Noticed Robin
  1796 | D:2      | Killed Robin
  2201 | D:2      | Reached XP level 5. HP: 35/45 MP: 5/5
  2523 | D:3      | Reached skill level 7 in Axes
  2931 | D:3      | Reached skill level 8 in Axes
  2945 | D:3      | Reached XP level 6. HP: 51/51 MP: 6/6
  3687 | D:4      | Found a shimmering blue altar of Sif Muna.
  3910 | D:4      | Reached skill level 9 in Axes
  4160 | D:4      | Reached XP level 7. HP: 57/57 MP: 7/7
  4421 | D:4      | Found a staircase to the Ecumenical Temple.
  4506 | D:5      | Entered Level 5 of the Dungeon
  4520 | D:5      | Reached skill level 10 in Axes
  4858 | D:5      | Slain by a killer bee

Illustrated notes

Levels and vault maps discovered:
D:1:      ldierk_water_garden, layout_rooms, dreamdust_ecumenical_altar_grove,
          minmay_door_square
D:2:      layout_rooms, uniq_robin
D:3:      layout_loops_ring
D:4:      layout_gridville, nicolae_overflow_crystal_walls,
          minmay_temple_entry_fiery, hex_tiny
D:5:      layout_loops_ring

Skill      XL: |  1  2  3  4  5  6  7 |
---------------+----------------------+-----
Axes           | 3 4 5 6 8 9 10 | 10.2
Fighting       | |  3.6
Armour         | |  3.2
Shields        | |  3.2

Action                   |  1- 3 |  4- 6 |  7- 9 || total
-------------------------+-------+-------+-------++-------
Melee: War axe           |    68 |   195 |    30 ||   293
Throw: Stone             |     3 |     5 |       ||     8
       Dart              |     4 |     8 |       ||    12
  Use: Scroll            |     2 |     6 |     3 ||    11
       Potion            |       |     3 |       ||     3
Armor: Scale mail        |    24 |    70 |    12 ||   106
Dodge: Dodged            |    20 |    63 |    16 ||    99
Block: Buckler           |    18 |    31 |     6 ||    55
